AoeStats
← jorshy04

Lombardia

510249068Analyzed
3v3 RM · 2d ago on Sep 30, 2026· 48m 52s· 6 players
Game mode
Random Map
Map size
Normal (6 player)
Population
200
Speed
Normal
Resources
Standard
Victory
Conquest
Starting age
Dark Age
Ending age
Imperial Age
RankedLock teamsTeams togetherTeam positionsShared explorationLock speedFull tech treeHidden civsTurbo modeCheats
Victory
Defeat
🇨🇦 Bohemians · Canada
993
+13
🇨🇦 Tatars · Canada
979
+13
🇨🇦 Ethiopians · Canada
927
+16
🇨🇴 Poles · Colombia
1146
-22
🇨🇴 Spanish · Colombia
907
-26
🇨🇴 Italians · Colombia
715
-7
jorshy04
10:59 Feudal Age
11:46 Loom
12:42 Double-Bit Axe
16:31 Gold Mining
19:41 Castle Age
17:46 Horse Collar
18:23 Padded Archer Armor
18:13 Fletching
19:56 Scale Mail Armor
19:21 Man-at-Arms
21:01 Squires
20:53 Crossbowman
24:44 Leather Archer Armor
24:23 Pikeman
25:26 Stone Mining
28:19 Bodkin Arrow
29:43 Elite Skirmisher
30:28 Thumb Ring
34:05 Long Swordsman
37:40 Heavy Plow
49:21 Imperial Age
Pantagora
0:36 Loom
11:13 Feudal Age
12:35 Wheelbarrow
15:06 Horse Collar
19:54 Double-Bit Axe
21:21 Gold Mining
22:29 Town Watch
25:56 Fletching
30:29 Castle Age
31:38 Hand Cart
31:27 Bodkin Arrow
31:34 Stone Mining
32:58 Heavy Plow
33:14 Bow Saw
33:34 Forging
34:22 Stone Shaft Mining
38:58 Ballistics
38:50 Masonry
38:36 Murder Holes
41:33 Imperial Age
40:38 Padded Archer Armor
43:51 Conscription
42:53 Elite Conquistador
46:26 Chemistry
45:58 Architecture
45:33 Bracer
45:50 Leather Archer Armor
49:05 Ring Archer Armor
FC_Satuplese
12:01 Feudal Age
13:04 Double-Bit Axe
13:17 Horse Collar
14:06 Loom
15:59 Town Watch
18:38 Castle Age
16:58 Fletching
18:17 Stone Mining
18:19 Gold Mining
19:56 Squires
19:17 Pikeman
22:04 Thumb Ring
22:47 Scale Mail Armor
27:22 Bodkin Arrow
30:25 Padded Archer Armor
33:50 Bow Saw
34:23 Wheelbarrow
38:45 Leather Archer Armor
41:34 Light Cavalry
42:24 Bloodlines
42:15 Husbandry
42:28 Szlachta Privileges
43:30 Scale Barding Armor
43:36 Forging
banana
10:52 Feudal Age
9:47 Loom
12:39 Double-Bit Axe
16:55 Castle Age
15:47 Stone Mining
18:29 Gold Mining
26:57 Forging
26:38 Fletching
26:54 Scale Barding Armor
27:40 Ballistics
29:12 Iron Casting
30:20 Silk Armor
31:35 Gold Shaft Mining
31:37 Bodkin Arrow
35:45 Padded Archer Armor
39:13 Imperial Age
37:25 Leather Archer Armor
37:34 Chain Barding Armor
38:46 Caravan
41:14 Bracer
42:16 Conscription
43:02 Elite Keshik
46:11 Horse Collar
46:55 Heavy Plow
47:09 Bow Saw
47:33 Heavy Cavalry Archer
Chemo-Sabi
5:06 Loom
11:31 Feudal Age
11:56 Double-Bit Axe
11:53 Horse Collar
15:27 Wheelbarrow
14:57 Town Watch
15:55 Fletching
16:15 Forging
20:07 Castle Age
20:12 Crossbowman
21:13 Thumb Ring
24:40 Bow Saw
25:00 Gold Mining
25:57 Wheelbarrow
24:58 Elite Skirmisher
26:23 Bodkin Arrow
26:29 Padded Archer Armor
26:33 Caravan
27:46 Stone Mining
28:45 Ballistics
28:36 Masonry
32:32 Leather Archer Armor
33:00 Hand Cart
33:55 Forging
33:46 Scale Mail Armor
35:06 Town Patrol
35:09 Murder Holes
35:05 Guard Tower
35:26 Fortified Wall
36:15 Elite Skirmisher
39:41 Stone Shaft Mining
39:42 Gold Shaft Mining
41:55 Imperial Age
41:11 Iron Casting
40:52 Chain Mail Armor
42:53 Bracer
43:23 Ring Archer Armor
44:19 Conscription
45:09 Chemistry
44:17 Siege Engineers
44:42 Architecture
44:48 Keep
45:25 Arbalester
48:00 Guilds
48:24 Coinage
Hayah
5:16 Loom
11:33 Feudal Age
12:07 Double-Bit Axe
12:07 Horse Collar
18:34 Castle Age
17:12 Wheelbarrow
16:49 Town Watch
19:56 Bow Saw
24:04 Heavy Plow
29:40 Fortified Wall
33:10 Imperial Age
30:44 Devotion
32:16 Chemistry
31:36 Ballistics
32:18 Caravan
33:12 Murder Holes
33:27 Masonry
33:20 Padded Archer Armor
33:11 Fletching
34:59 Two-Man Saw
34:24 Conscription
34:19 Wagenburg Tactics
34:09 Elite Hussite Wagon
37:25 Siege Engineers
38:09 Elite Skirmisher
42:16 Hand Cart
42:02 Town Patrol
42:20 Leather Archer Armor
42:00 Bodkin Arrow
41:53 Arrowslits
42:39 Architecture
43:10 Pikeman
43:50 Squires
43:36 Arson
44:23 Ring Archer Armor
43:53 Bracer
43:54 Scale Mail Armor
44:04 Forging
44:40 Faith
44:32 Hussite Reforms
44:32 Halberdier
45:49 Houfnice
Connection lost

Rejoining the realm…

Still unreachable

The connection could not be restored.

Session expired

The server has moved on; the page needs a fresh start.